 Dungeon Crawl Stone Soup version 0.31-a0-1093-gadecf4124d (webtiles) character file.

Game seed: 6530699659891870228

52 Gumption the Grasshopper (level 3, -6/29 HPs)
             Began as an Armataur Warper on Nov 29, 2023.
             Killed by divine providence
             ... invoked by an orc priest
              (16 damage)
             ... on level 3 of the Dungeon.
             The game lasted 00:23:08 (2410 turns).

Gumption the Grasshopper (Armataur Warper)          Turns: 2410, Time: 00:23:08

Health: -6/29      AC:  4    Str: 18    XL:     3   Next: 60%
Magic:  3/6        EV:  9    Int: 13    God:
Gold:   92         SH:  0    Dex:  9    Spells: 4/6 levels left

rFire   . . .        a - +0 mace
rCold   . . .        (no shield)
rNeg    . . .        b - +0 leather armour
rPois   .            (no helmet)
rElec   .            (no cloak)
rCorr   .            (no gloves)
SInv    .            (no barding)
Will    .....        (no amulet)
Stlth   +            (no ring)
HPRegen 0.24/turn    (no ring)
MPRegen 0.10/turn

%: roll
@: no status effects
A: large, deformed body, tough skin 3, armoured tail, roll 1, long tongue
a: no special abilities


You were on level 3 of the Dungeon.
You visited 1 branch of the dungeon, and saw 3 of its levels.

You collected 92 gold pieces.

Inventory:

Hand Weapons
 a - a +0 mace (weapon)
Missiles
 d - 5 darts of dispersal (quivered)
Armour
 b - a +0 leather armour (worn)
 m - a +0 ring mail
Scrolls
 c - a scroll of blinking
 e - a scroll of amnesia {unknown}
 f - 3 scrolls of teleportation {unknown}
 g - 3 scrolls of fog {unknown}
 h - a scroll of enchant weapon {unknown}
 i - a scroll of enchant armour {unknown}
 j - 4 scrolls of identify {unknown}
 o - a scroll of noise {unknown}
Potions
 k - a potion of degeneration {unknown}
 l - a potion of attraction {unknown}
 n - a potion of cancellation {unknown}
 p - 2 potions of might {unknown}
 q - a potion of magic {unknown}
 r - a potion of lignification {unknown}
 s - a potion of curing {unknown}


   Skills:
 + Level 2.2 Fighting
 * Level 2.6 Maces & Flails
 - Level 0.8 Throwing
 - Level 1.2 Armour
 - Level 1.3 Dodging
 + Level 2.1 Spellcasting
 + Level 3.3 Translocations


You had 4 spell levels left.
You knew the following spells:

 Your Spells              Type           Power      Damage    Failure   Level
a - Blink                 Tloc           20%        N/A       11%         2

Your spell library contained the following spells:

 Spells                   Type           Power      Damage    Failure   Level
 Lesser Beckoning         Tloc           20%        N/A       11%         2
 Teleport Other           Tloc           10%        N/A       22%         3
 Ensorcelled Hibernation  Hex/Ice        2%         N/A       41%         2
 Passwall                 Tmut/Erth      0%         N/A       41%         2
 Manifold Assault         Tloc           10%        N/A       58%         4
 Stone Arrow              Conj/Erth      2%         3d7       65%         3
 Swiftness                Air            1%         N/A       65%         3
 Vhi's Electric Charge    Tloc/Air       10%        N/A       83%         4
 Animate Armour           Summ/Erth      2%         N/A       96%         4
 Lehudib's Crystal Spear  Conj/Erth      0%         10d2      100%        8


Dungeon Overview and Level Annotations

Branches:
Dungeon (3/15)

Altars:
Qazlal

Annotations:
D:1 exclusion: 2 downstairs
D:2 Terence


Innate Abilities, Weirdness & Mutations

Armour fits poorly on your strangely shaped body.
You have extremely tough skin. (AC +3)
You have a long armoured tail.
You roll when moving toward enemies. (Rampage)
Your long tongue fully drains potion bottles. (2x potion effects)


Message History

You are very lightly contaminated with residual magic.
Nothing appears to happen.
The orc priest hits you with a +0 flail of holy wrath.
* * * LOW HITPOINT WARNING * * *
The orc closely misses you. The orc barely misses you. x2
Casting: Blink (safe; 11% risk of failure)
Confirm with . or Enter, or press ? or * to list all spells.
You blink.
You feel ready to blink again.
Your magical contamination has completely faded away.
Throw: 7 darts (disperse)
Press: ? - help, Q - select action, (/) - cycle Shift-Dir - straight line, f - orc priest
Aim: an orc priest, wielding a +0 flail of holy wrath (severely wounded, 50% to hit)
You throw a dart of dispersal.
The dart of dispersal hits the orc priest.
The orc priest blinks!
The orc hits you but does no damage. The orc hits you but does no damage.
The orc attacks as it pursues you! The orc barely misses you.
Casting: Blink (safe; 11% risk of failure)
Confirm with . or Enter, or press ? or * to list all spells.
You blink.
A rat comes into view.
Throw: 6 darts (disperse)
Press: ? - help, Q - select action, (/) - cycle Shift-Dir - straight line, f/p - orc priest
Aim: an orc priest, wielding a +0 flail of holy wrath (severely wounded, 50% to hit)
You throw a dart of dispersal.
The dart of dispersal barely misses the orc priest.
Throw: 5 darts (disperse)
Press: ? - help, Q - select action, (/) - cycle Shift-Dir - straight line, f/p - orc priest
Aim: an orc priest, wielding a +0 flail of holy wrath (severely wounded, 50% to hit)
Okay, then.
The orc priest looks satisfied for a moment.
You feel ready to blink again. The orc closely misses you.
There is a stone staircase leading up here.
The orc priest calls down the wrath of Beogh upon you.
Beogh smites you!
Ouch! That really hurt!
You die...

##......## ##..# ##.##....##
#...### ...##.....## #.....
####(......## #...# #
###.........# #...#####.##.
...........#####............
####......................#.
.# #.#...#..........r.......
.#
#.#..##.....รท@.........##
.# #.#.....#####oo..####....
.###.#.#.#.# #)....... ###
.........#.# ##...#####
####.......# #.oo...#
.......##### #....#.#
.####### #.#.##.# .# ####
#.#..o.# .# ..#
#.###o.#######


You could see an orc priest, 3 orcs and a rat.

Vanquished Creatures
  An adder (D:2)
  A dart slug (D:1)
  2 orcs (D:3)
  4 ball pythons
  4 endoplasms
  4 hobgoblins
  3 kobolds
  A quokka (D:3)
  3 bats
  2 frilled lizards
  7 goblins
  7 rats (D:1)
39 creatures vanquished.

Notes
Turn   | Place    | Note
-------+----------+-------------------------------------------
     0 | D:1      | Gumption the Armataur Warper began the quest for the Orb.
     0 | D:1      | Reached XP level 1. HP: 17/17 MP: 3/3
   646 | D:1      | Reached XP level 2. HP: 19/24 MP: 4/4
   728 | D:1      | Learned a level 2 spell: Blink
  1138 | D:2      | Noticed Terence
  1626 | D:2      | Reached XP level 3. HP: 29/29 MP: 6/6
  2137 | D:3      | Found a stormy altar of Qazlal.
  2410 | D:3      | Killed from afar by an orc priest

Illustrated notes

Levels and vault maps discovered:
D:1:      nicolae_arrival_somewhat_less_tricky_arrival, layout_basic,
          hangedman_abyss_or_decor_stabs, due_unseen_surprise
D:2:      layout_basic, uniq_terence
D:3:      layout_loops_cross, mainiacjoe_overflow_cross_hatched, serial_shops,
          shop_statue, uniq_ijyb

Skill      XL: |  1  2 |
---------------+-------+-----
Maces & Flails | 2 |  2.6
Fighting       | 2 |  2.2
Spellcasting   | 2 |  2.1
Throwing       | |  0.8
Armour         | |  1.2
Dodging        | |  1.3
Translocations | |  3.3

Action                     || total
---------------------------++-------
  Melee: Mace              ||    99
         Tailslap          ||     5
  Throw: Dart              ||     2
   Cast: Blink             ||     2
 Armour: Leather armour    ||    74
  Dodge: Dodged            ||    44

Table legend: (Time is in decaauts)
 A = Elapsed time spent in this place.
 B = Non-inter-level travel time spent in this place.
 C = Inter-level travel time spent in this place.
 D = Time resting spent in this place.
 E = Time spent auto-exploring this place.
 F = Levels seen in this place.
 G = Mean time per level.
                   A        B        C        D        E       F      G
               +--------+--------+--------+--------+--------+-----+--------+
         Total |   2438 |   2360 |     78 |    224 |    335 |   3 |  812.7 |
       Dungeon |   2438 |   2360 |     78 |    224 |    335 |   3 |  812.7 |
               +--------+--------+--------+--------+--------+-----+--------+

Top non-repeatable levels by time:
     D:1: 1233 daAuts
     D:2: 750 daAuts
     D:3: 454 daAuts
